[Event "Late-Titled-Tuesday-Blitz-August-29-2023"]
[Site "Chess.com"]
[Date "2023.08.29"]
[Round "3"]
[White "Schwindle"]
[Black "ritanovikova"]
[Result "1-0"]
[WhiteElo "2395"]
[BlackElo "2141"]
[TimeControl "180+1"]
[EndTime "14:28:50 PDT"]
[Termination "Schwindle won on time"]

1. e4 e5 2. Nf3 Nc6 3. Bb5 Nf6 4. d3 d6 5. O-O a6 6. Ba4 b5 7. Bb3 Be7 8. c3 O-O 9. Re1 Na5 10. Bc2 c5 11. Nbd2 Bg4 12. Nf1 Qc7 13. Ng3 g6 14. h3 Bd7 15. Bh6 Rfe8 16. Qd2 Nc6 17. Rac1 Be6 18. a3 Na5 19. Nf5 Bxf5 20.
exf5 Qd7 21. b4 Nc6 22. d4 cxd4 23. cxd4 Nxd4 24. Nxd4 exd4 25. Qxd4 Rac8 26. Bd3 Nh5 27. Rxc8 Rxc8 28. Qg4 Bf8 29. fxg6 Qxg4 30. gxh7+ Kh8 31. hxg4 Nf6 32. Bxf8 Rxf8 33. Re3 Nxg4 34. Re7 Nf6 35.
Ra7 Nxh7 36. Rxa6 Rb8 37. Rxd6 Ng5 38. f4 Ne6 39. g3 Kg7 40. Rd5 Nc7 41. Rc5 Rb7 42.
g4 Kf6 43. g5+ Ke7 44. Be4 Ra7 45. f5 Ne8 46. Bc6 Nd6 47. Re5+ Kf8 48. f6 Rxa3 49. Rd5 Rg3+ 50. Kh2 Rg4 51. Rxd6 Rh4+ 52. Kg3 1-0

[Event "Late-Titled-Tuesday-Blitz-August-29-2023"]
[Site "Chess.com"]
[Date "2023.08.29"]
[Round "3"]
[White "ChEsper99"]
[Black "Murtazin_Ruslan"]
[Result "1/2-1/2"]
[WhiteElo "2135"]
[BlackElo "2376"]
[TimeControl "180+1"]
[EndTime "14:28:51 PDT"]
[Termination "Game drawn by repetition"]

1. e4 e6 2. d4 d5 3. Nd2 Be7 4. c3 c5 5. e5 Nc6 6. Ndf3 f6 7.
Bd3 Qc7 8. exf6 Nxf6 9. Ne2 O-O 10.
O-O e5 11. Nxe5 Nxe5 12. dxe5 Qxe5 13. Bf4 Qh5 14. Ng3 Qxd1 15. Raxd1 Re8 16. Rfe1 Bd7 17.
Nf5 Bf8 18. Nd6 Rxe1+ 19. Rxe1 Bc6 20. h3 Rd8 21. Nf5 Kf7 22. Bc2 b6 23. Bb3 Rd7 24.
Rd1 g6 25. Ne3 Ke6 26. Re1 Kf7 27. Rd1 Bg7 28. Be5 c4 29. Bc2 Ke6 30. Bf4 b5 31.
Bb1 Ne4 32. Nc2 Nc5 33. Nd4+ Bxd4 34. Rxd4 Kf6 35. Be3 Na4 36. Rd2 Re7 37. Bd4+ Kf7 38. b3 Nb6 39. Kf1 Nd7 40. Bc2 Ne5 41. Re2 Nd3 42. Rxe7+ Kxe7 43. Bxd3 cxd3 44. Ke1 a6 45. Kd2 Bd7 46. Kxd3 Bf5+ 47. Ke3 Be4 48. f3 Bb1 49. a3 Bc2 50. b4 Ke6 51. g4 h5 52.
Kf4 Bd1 53. gxh5 gxh5 54. h4 Be2 55. Ke3 Bd1 56. Kf4 Be2 57. Ke3 Bd1 58. Kf4 1/2-1/2

[Event "Late-Titled-Tuesday-Blitz-August-29-2023"]
[Site "Chess.com"]
[Date "2023.08.29"]
[Round "3"]
[White "I_am_Javi"]
[Black "dropstoneDP"]
[Result "0-1"]
[WhiteElo "2733"]
[BlackElo "2977"]
[TimeControl "180+1"]
[EndTime "14:28:52 PDT"]
[Termination "dropstoneDP won by resignation"]

1. e4 e5 2. Nf3 Nf6 3. d4 Nxe4 4. dxe5 Bc5 5. Be3 Bxe3 6. fxe3 d5 7. Bd3 Nc6 8. O-O Bg4 9. Qe1 Qe7 10. c4 Bxf3 11.
gxf3 Nxe5 12. Be2 Nf6 13. Nc3 dxc4 14. Rd1 O-O 15. e4 Rad8 16. Qf2 Nd3 17. Qxa7 b6 18.
Qa3 c5 19. b3 Ra8 20. Na4 Nh5 21. Bxd3 cxd3 22. Kh1 Nf4 23. Qc1 Qe5 24. Qe3 Rxa4 25.
bxa4 c4 26. Rb1 c3 27. Rb5 Qc7 28. e5 Qc4 29. Rb3 d2 30. Rg1 Qe2 31. Qxf4 d1=Q 32. Rxd1 Qxd1+ 33. Kg2 c2 34. Rc3 Qe2+ 35. Kh3 Qf1+ 36.
Kg4 h5+ 37. Kxh5 Qh3+ 38. Qh4 Qf5+ 39. Qg5 Qh3+ 40. Qh4 g6+ 41. Kg5 Qf5+ 42. Kh6 Re8 43.
Qg4 Qxe5 44. Rc8 c1=Q+ 45. Rxc1 Qh8+ 46. Kg5 Re5+ 47. Kf4 Rf5+ 48. Kg3 Qe5+ 49. Kg2 Rg5 50. Rc8+ Kg7 51. h3 Rxg4+ 52. hxg4 Qb2+ 53. Kg3 Qxa2 54. Rc6 Qb1 55. Kg2 g5 56. Kg3 Qg1+ 57. Kh3 Qf2 58.
Rc3 Qf1+ 59. Kg3 Qe1+ 0-1

[Event "Late-Titled-Tuesday-Blitz-August-29-2023"]
[Site "Chess.com"]
[Date "2023.08.29"]
[Round "3"]
[White "carokannlover213"]
[Black "Kacparov"]
[Result "1/2-1/2"]
[WhiteElo "2705"]
[BlackElo "2921"]
[TimeControl "180+1"]
[EndTime "14:28:54 PDT"]
[Termination "Game drawn by agreement"]

1. e4 c5 2. Nf3 e6 3. d4 cxd4 4. Nxd4 a6 5. c4 Nf6 6. Nc3 Qc7 7. Be2 Bb4 8. O-O O-O 9. Qd3 Nc6 10. Nxc6 dxc6 11.
Bg5 Rd8 12. Qg3 Qxg3 13. hxg3 e5 14. Bxf6 gxf6 15. Rad1 Be6 16. Nb1 Kf8 17. a3 Bc5 18. Kh2 Bd4 19. b3 f5 20. exf5 Bxf5 21. g4 Be6 22. Nd2 Ke7 23. Ne4 h6 24. Ng3 Bb2 25. a4 a5 26. Nf5+ Kf6 27. Ng3 Rxd1 28. Rxd1 Rg8 29. f3 Ba3 30. Ne4+ Ke7 31. Kg1 Bb4 32.
Kf2 h5 33. gxh5 f5 34. Nd2 Bc5+ 35. Kf1 Be3 36. g4 fxg4 37. Ne4 gxf3 38. Bxf3 Bd4 39. Ke2 Bf5 40. Rh1 Rh8 41. Ng3 Bh7 42. Be4 Bc5 43. Bxh7 Rxh7 44. Ne4 Bb4 45. Kf3 Rh8 46. h6 Kf7 47.
Kg4 Kg6 48. Rh5 Rxh6 49. Rxh6+ Kxh6 50. Kf5 Kg7 51. Kxe5 Kf8 52. Ke6 Ke8 53. Ke5 Ke7 54. Kd4 Kd7 55. c5 Kc7 56. Kc4 Be1 57. Ng5 Bh4 58.
Ne6+ Kd7 59. Nd4 Be1 60. Nc2 Bd2 61. Nd4 Be1 62. Nf3 1/2-1/2

[Event "Late-Titled-Tuesday-Blitz-August-29-2023"]
[Site "Chess.com"]
[Date "2023.08.29"]
[Round "3"]
[White "albi1999"]
[Black "Oleksandr_Bortnyk"]
[Result "0-1"]
[WhiteElo "2684"]
[BlackElo "3044"]
[TimeControl "180+1"]
[EndTime "14:28:54 PDT"]
[Termination "Oleksandr_Bortnyk won by resignation"]

1. d4 d6 2. g3 Nf6 3. Bg2 g6 4.
Nf3 Bg7 5. O-O O-O 6. b3 a5 7.
Bb2 Bf5 8. Nbd2 d5 9. c4 c6 10. e3 a4 11. Qe2 a3 12. Bc3 Ne4 13. Nxe4 Bxe4 14. Rfd1 e6 15. Bf1 Bxf3 16. Qxf3 f5 17. b4 Nd7 18. b5 Nf6 19. Bb4 Rf7 20. Rab1 Bf8 21. Bxf8 Qxf8 22. c5 Ne4 23. Rb3 e5 24. bxc6 bxc6 25. Rb6 Rc7 26. Rc1 exd4 27. exd4 Qh6 28.
Rcb1 Qd2 29. Rb8+ Rxb8 30. Rxb8+ Kg7 31. Bd3 Nxf2 32. Bxf5 Qe1+ 33. Kg2 Qh1+ 34. Kxf2 Qxh2+ 35. Qg2 Qh6 36. Be6 Qd2+ 37. Kg1 Qe1+ 38. Qf1 Qxg3+ 39. Kh1 Qh4+ 40. Bh3 Rf7 41. Qg2 Qe1+ 42. Qg1 Qe4+ 43. Bg2 Qh4+ 44. Qh2 Qe1+ 45. Qg1 Qh4+ 46. Qh2 Qxd4 47.
Rb1 Re7 48. Rf1 Qxc5 49. Qf4 Re4 50. Qf6+ Kh6 51. Qf8+ Qxf8 52. Rxf8 Re1+ 53. Kh2 Re2 54. Rc8 Rc2 55. Ra8 Rxa2 56. Ra6 c5 57. Kh3 d4 58.
Bd5 Ra1 59. Kg3 d3 60. Kf3 d2 61. Bb3 d1=Q+ 62. Bxd1 Rxd1 63. Rxa3 Rh1 0-1

[Event "Late-Titled-Tuesday-Blitz-August-29-2023"]
[Site "Chess.com"]
[Date "2023.08.29"]
[Round "3"]
[White "Fan_Of_Chucky"]
[Black "Apocalyps999"]
[Result "1/2-1/2"]
[WhiteElo "2509"]
[BlackElo "2335"]
[TimeControl "180+1"]
[EndTime "14:28:54 PDT"]
[Termination "Game drawn by repetition"]

1. d4 d5 2. c4 e6 3. Nf3 Nf6 4. g3 Bb4+ 5. Bd2 Be7 6. Bg2 O-O 7. O-O c6 8. Qc2 b6 9. Rd1 Bb7 10. Bf4 Nbd7 11. Nc3 Re8 12. Ne5 Rc8 13. e4 dxe4 14. Nxe4 Nxe4 15. Bxe4 Nf6 16. Bg2 Bd6 17. c5 Bxe5 18. Bxe5 Nd5 19. a3 f6 20. Bd6 b5 21.
Re1 Qd7 22. b4 a6 23. Qb3 Qf7 24. Re2 Rcd8 25. Rae1 Bc8 26. f4 g6 27. Re4 h5 28.
Qc2 Bd7 29. Bh3 Kg7 30. Qe2 Bc8 31. Bxe6 Nc3 32. Bxf7 Nxe2+ 33. R1xe2 Kxf7 34. Kf2 Rxe4 35. Rxe4 Re8 36. Ke3 Rxe4+ 37. Kxe4 Be6 38. Bc7 Bd5+ 39. Ke3 Ke6 40. Bd6 Kf5 41. h3 g5 42. fxg5 fxg5 43.
h4 gxh4 44. gxh4 Kg4 45. Be7 Kg3 46. Bg5 Kg4 47. Kd3 Kg3 48. Kc3 Kg4 49. Kd3 Kf3 50. Kc3 Ke4 51. Bd8 Ke3 52. Be7 Ke2 53. Bd8 Kd1 54. a4 Kc1 55. axb5 axb5 56. Bg5+ Kb1 57. Bd8 Ka2 58. Ba5 Ka3 59. Kd3 Ka4 60. Ke3 Kb3 61.
Kd3 Kb2 62. Bb6 Kb3 63. Ba5 Kb2 64. Bc7 Kb3 65. Ba5 1/2-1/2

[Event "Late-Titled-Tuesday-Blitz-August-29-2023"]
[Site "Chess.com"]
[Date "2023.08.29"]
[Round "3"]
[White "angryspacevoid"]
[Black "alturas_pacificas"]
[Result "1-0"]
[WhiteElo "2583"]
[BlackElo "2412"]
[TimeControl "180+1"]
[EndTime "14:28:55 PDT"]
[Termination "angryspacevoid won by resignation"]

1. e4 e5 2. c3 c5 3. Bc4 d6 4.
Nf3 Be6 5. Bxe6 fxe6 6. d4 exd4 7. cxd4 cxd4 8. Nxd4 Qd7 9. Nc3 Nc6 10. O-O Nf6 11.
Re1 Nxd4 12. Qxd4 e5 13. Qc4 Qf7 14. Qd3 Be7 15. Qb5+ Kf8 16. Qxb7 Rd8 17. Be3 h6 18. f4 exf4 19. Bxf4 g5 20. Bg3 Rd7 21. Qb5 Kg7 22.
Rf1 Qe6 23. Rae1 Rhd8 24. Kh1 Nh5 25. Bf2 Bf6 26. Nd5 Be5 27. Qe2 Nf4 28. Nxf4 gxf4 29.
b3 Kh7 30. Rc1 Rg7 31. Rc2 Rdg8 32. Bg1 Qg6 33. Qf3 Qg4 34. Qxg4 Rxg4 35. Bxa7 Rh4 36.
Bg1 Rg7 37. a4 Rh5 38. Rf3 Rb7 39. a5 Rg5 40. a6 Rb8 41. a7 Ra8 42. b4 Rg7 43.
Ra3 Rb7 44. Rc4 Kg6 45. Bd4 Kf6 46. Ra6 Bxd4 47. Rxd4 Ke5 48. Raxd6 Raxa7 49. h4 Ra3 50. Rd1 Kxe4 51. Rxh6 Rxb4 52. Rf6 Ke5 53. Rf8 Raa4 54.
h5 f3 55. Rxf3 Rh4+ 56. Kg1 Rxh5 57. Rb3 Rc4 58. Rb5+ Kf4 59. Rxh5 1-0

[Event "Late-Titled-Tuesday-Blitz-August-29-2023"]
[Site "Chess.com"]
[Date "2023.08.29"]
[Round "3"]
[White "Aureliano-Buendia"]
[Black "Berant"]
[Result "1/2-1/2"]
[WhiteElo "2542"]
[BlackElo "2341"]
[TimeControl "180+1"]
[EndTime "14:28:59 PDT"]
[Termination "Game drawn by stalemate"]

1. e4 c5 2. Nf3 Nc6 3. d4 cxd4 4. Nxd4 e5 5. Nb3 Nf6 6. Nc3 Bb4 7. Bc4 O-O 8. O-O h6 9. Nd5 Nxd5 10. Bxd5 Ne7 11.
Bc4 Ng6 12. Be3 Be7 13. Qd2 d6 14. Rad1 Be6 15. Bd5 Bxd5 16. Qxd5 b6 17. c4 Rc8 18.
Nd2 Qd7 19. b3 Bg5 20. Bxg5 hxg5 21. Rfe1 Nf4 22. Qb5 Qg4 23. g3 Ne2+ 24. Kg2 Nc3 25. f3 Qe6 26. Qa6 Nxd1 27. Rxd1 g4 28. Qxa7 gxf3+ 29. Nxf3 Ra8 30. Qxb6 Rxa2+ 31. Rd2 Rfa8 32. Qf2 Rxd2 33.
Qxd2 f5 34. Ng5 Qe8 35. exf5 Qc6+ 36. Kh3 Rf8 37. Qd3 e4 38. Qxe4 Qxe4 39. Nxe4 Rxf5 40.
Nxd6 Rf6 41. c5 Kf8 42. b4 Ke7 43. b5 Kd7 44. b6 Kc6 45. b7 Rf8 46. Kg4 Rd8 47. h4 Kxc5 48. Nc8 Rd4+ 49. Kf5 Rb4 50. Ne7 Rxb7 51. Ng6 Kd6 52. Nf4 Ke7 53. Kg6 Kf8 54.
Ne6+ Kg8 55. h5 Rb6 56. Kf5 Rb5+ 57. Kg6 Rb6 58. Kf5 Kf7 59. Nf4 Rb5+ 60. Kg4 Ra5 61. Kh4 Kf6 62. g4 Ra4 63. Ng6 Rb4 64. Nh8 Rb1 65.
Ng6 Rh1+ 66. Kg3 Kg5 67. Nf4 Rg1+ 68. Ng2 Rxg2+ 69. Kxg2 Kxg4 70. h6 gxh6 71. Kh2 h5 72.
Kg2 h4 73. Kh2 h3 74. Kh1 Kg3 75. Kg1 h2+ 76. Kh1 Kh3 1/2-1/2

[Event "Late-Titled-Tuesday-Blitz-August-29-2023"]
[Site "Chess.com"]
[Date "2023.08.29"]
[Round "3"]
[White "BogdanDeac"]
[Black "Beltraxtor"]
[Result "1-0"]
[WhiteElo "3022"]
[BlackElo "2644"]
[TimeControl "180+1"]
[EndTime "14:29:01 PDT"]
[Termination "BogdanDeac won by resignation"]

1. b3 c5 2. Bb2 Nc6 3. e3 Nf6 4. Nf3 g6 5. Bxf6 exf6 6. d4 cxd4 7. Nxd4 Bg7 8. c3 O-O 9. g3 b6 10. Bg2 Bb7 11. O-O a6 12. Nd2 Qc7 13. Rc1 Ne5 14.
Bxb7 Qxb7 15. N2f3 Rac8 16. Rc2 b5 17. Qe2 Rc5 18. Rfc1 Rfc8 19. Nd2 h5 20. c4 bxc4 21. Nxc4 Nxc4 22. Rxc4 Rxc4 23. Rxc4 Rxc4 24. Qxc4 f5 25. Ne2 Qc6 26. Qd3 Be5 27. h4 d6 28. a4 Kf8 29.
Nd4 Qb7 30. Nc2 Qf3 31. Ne1 Qc6 32. Kf1 Ke7 33. Ke2 Kd7 34. Nf3 Bf6 35. Nd2 Ke6 36.
Nc4 d5 37. Nd2 Kd7 38. Nf3 Ke6 39. Kd2 Kd7 40. Nd4 Bxd4 41. Qxd4 Qb7 42. Kc3 Qc6+ 43. Kb2 Qb7 44. Qf6 Ke8 45. Qd6 Qa8 46. b4 Qb7 47. Kb3 d4 48. Qxd4 Qf3 49. Qd2 Ke7 50. b5 axb5 51. axb5 Qb7 52. Kb4 Qe4+ 53. Qd4 Qb1+ 54.
Kc5 Qc2+ 55. Kb6 Qxf2 56. Qe5+ Kd7 57. Kb7 Qg2+ 58. Kb8 Qa2 59. b6 Qa6 60. Qc7+ Ke6 61. Qc8+ Ke7 62. Qxa6 1-0

[Event "Late-Titled-Tuesday-Blitz-August-29-2023"]
[Site "Chess.com"]
[Date "2023.08.29"]
[Round "3"]
[White "jinbojinbo"]
[Black "Piotrek1979"]
[Result "1/2-1/2"]
[WhiteElo "2667"]
[BlackElo "2468"]
[TimeControl "180+1"]
[EndTime "14:29:01 PDT"]
[Termination "Game drawn by repetition"]

1. Nf3 d5 2. g3 Nf6 3. Bg2 Bf5 4. O-O e6 5. d3 h6 6. Nbd2 Be7 7. c4 c6 8. b3 O-O 9. Bb2 Nbd7 10. Re1 Bh7 11. e4 dxe4 12. dxe4 Nc5 13. Ne5 Nfd7 14. Nxd7 Qxd7 15.
Nf3 Qxd1 16. Raxd1 Rfd8 17. Ba3 Kf8 18. Ne5 Ke8 19.
Kf1 f6 20. Bxc5 Bxc5 21. Nd3 Ba3 22. f4 a5 23. Bh3 Ke7 24. Ke2 Rd4 25. Nf2 Rad8 26.
Rxd4 Rxd4 27. Rd1 Bc5 28. Rxd4 Bxd4 29. Bg2 e5 30. fxe5 fxe5 31. Nd3 Kd6 32. h4 b5 33. cxb5 cxb5 34. Bf3 b4 35. Kd2 Bg8 36. Kc2 Be6 37. Be2 Bh3 38. Bf3 Bf1 39. Kd2 Kc6 40. Kc2 Kb6 41. Kd2 Kb5 42. Kc2 Bc3 43. Bh1 h5 44. Bf3 g6 45. Bh1 Bxd3+ 46. Kxd3 Be1 47. g4 Bxh4 48.
gxh5 gxh5 49. Bf3 Kc5 50. Bxh5 Bf2 51. Be8 Bd4 52. Ba4 Bc3 53. Be8 Bd4 54. Ba4 Bc3 55. Bd7 Bd4 56. Be8 Bc3 57. a4 Bd4 58. Bf7 Bc3 59.
Bd5 Bd4 60. Bc4 Bc3 61. Ke2 Bd4 62. Kf3 Bc3 63. Kg4 Kd4 64. Kf5 Kc5 65. Bd5 Kb6 66.
Ke6 Bd4 67. Kd7 Bc3 68. Kd6 Bd4 69. Bc4 Bc3 70. Bd5 Bd4 71. Bc4 Bc3 72. Bd5 1/2-1/2

[Event "Late-Titled-Tuesday-Blitz-August-29-2023"]
[Site "Chess.com"]
[Date "2023.08.29"]
[Round "3"]
[White "js20000"]
[Black "LastGladiator1"]
[Result "0-1"]
[WhiteElo "2641"]
[BlackElo "2892"]
[TimeControl "180+1"]
[EndTime "14:29:03 PDT"]
[Termination "LastGladiator1 won by checkmate"]

1. e4 c5 2. Nf3 e6 3. g3 Nc6 4. Bg2 g6 5. d4 cxd4 6. Nxd4 Bg7 7.
Nb5 Bf8 8. Bf4 e5 9. Be3 d6 10. N1c3 Be6 11. Nd5 Bxd5 12. Qxd5 Nf6 13. Qb3 Be7 14.
h3 O-O 15. O-O a6 16. Nc3 Na5 17. Qb6 Qxb6 18. Bxb6 Nc4 19. Na4 Rac8 20. b3 Nxb6 21. Nxb6 Rxc2 22. Rfc1 Rc6 23. Rxc6 bxc6 24. Rc1 c5 25.
Rd1 Rb8 26. Nc4 Kf8 27. Kf1 Ne8 28. Ke2 Nc7 29. Nxd6 Ne6 30. Nc4 Nd4+ 31. Kf1 f6 32. Ne3 Bd8 33. Nd5 Kf7 34. Rc1 Rc8 35. Ke1 Ke6 36.
Bf1 a5 37. Bc4 Kd6 38. Kf1 f5 39. Kg2 Ra8 40. Nc3 Bg5 41. Rd1 Rb8 42. Bd3 Kc6 43. Bc4 Rb4 44. Nd5 Rb7 45. Nc3 Rb8 46.
Bd3 Bh6 47. Bc4 Rf8 48. Bd5+ Kd6 49. Bc4 Bg7 50. Nb5+ Kc6 51. Nc3 h5 52. h4 Bh6 53.
exf5 gxf5 54. Nd5 f4 55. Ne7+ Kd6 56. Nd5 f3+ 57. Kf1 e4 58. Re1 Ke5 59. Nc3 e3 60. fxe3 Nc2 61. Rb1 Nxe3+ 62. Kf2 Ng4+ 63. Kf1 Be3 64. Re1 Nh2# 0-1

[Event "Late-Titled-Tuesday-Blitz-August-29-2023"]
[Site "Chess.com"]
[Date "2023.08.29"]
[Round "3"]
[White "giomar27"]
[Black "robertoalejandro10"]
[Result "1-0"]
[WhiteElo "2277"]
[BlackElo "2518"]
[TimeControl "180+1"]
[EndTime "14:29:03 PDT"]
[Termination "giomar27 won by resignation"]

1. e4 c5 2. Nf3 g6 3. h4 h5 4. Bc4 Bg7 5. c3 Nc6 6. d4 cxd4 7. cxd4 Nf6 8. e5 Ng4 9. Nc3 d6 10. Ng5 O-O 11. e6 fxe6 12. Bxe6+ Bxe6 13. Nxe6 Qb6 14. Nxf8 Rxf8 15. Be3 Qxb2 16. Qb3+ Qxb3 17. axb3 Bxd4 18. Bxd4 Nxd4 19. O-O a6 20. b4 Rc8 21. Nd5 Kf7 22. Rfd1 e5 23. Ne3 Nf6 24. Kf1 Ke6 25. Rac1 Rxc1 26.
Rxc1 Kd7 27. f3 Ng8 28. g4 Ne7 29.
Kf2 Nec6 30. Nd5 Nb3 31. Rg1 Ke6 32. gxh5 gxh5 33. Nc7+ Kf6 34. Rg5 Nxb4 35. Rxh5 a5 36. Rh6+ Ke7 37. Nb5 a4 38. h5 Nc5 39. Rxd6 Nc6 40.
h6 Kf7 41. Rd5 Kg6 42. Rxc5 Kxh6 43. Rc1 Kg5 44. Ra1 Nb4 45. Rxa4 Nd5 46. Ra7 b6 47.
Rb7 Kf5 48. Nc7 Nb4 49. Rxb6 Nd3+ 50. Ke3 Nc5 51. Nd5 Ne6 52. Rxe6 Kxe6 53. Nc3 Kf5 54. Ne4 Ke6 55. Nf2 Kf5 56. Nd3 Kg5 57. Ke4 Kf6 58.
Nxe5 Ke6 59. Nd3 Kf6 60. Nf2 Ke6 61. f4 Kf6 62. Nd3 Kf7 63. Ne1 Ke7 64. Nf3 Kf7 65.
Ne1 Ke7 66. f5 Kf7 67. Kf4 Kf6 68. Ke4 Kf7 69. Ke5 Kg7 70. f6+ Kf7 71. Kf5 Kf8 72.
Ke6 Ke8 73. f7+ Kf8 74. Nc2 Kg7 75. Ke7 Kh7 76. f8=Q Kg6 77. Qf6+ Kh7 78. Qg5 Kh8 79. Kf7 1-0

[Event "Late-Titled-Tuesday-Blitz-August-29-2023"]
[Site "Chess.com"]
[Date "2023.08.29"]
[Round "3"]
[White "oskariot"]
[Black "jcmesafischer"]
[Result "1/2-1/2"]
[WhiteElo "2647"]
[BlackElo "2455"]
[TimeControl "180+1"]
[EndTime "14:29:05 PDT"]
[Termination "Game drawn - insufficient material"]

1. e4 c5 2. Nf3 d6 3. d4 cxd4 4. Nxd4 Nf6 5. Nc3 a6 6. h4 e5 7. Nb3 Be7 8. Bg5 Be6 9. Bxf6 Bxf6 10. g3 O-O 11. Qd2 Be7 12. O-O-O b5 13. f4 Nd7 14.
Nd5 Bxd5 15. Qxd5 Nf6 16. Qd3 Ng4 17. Qf3 h5 18. Bh3 a5 19. Bxg4 hxg4 20. Qxg4 a4 21. Nd2 a3 22. b3 Rc8 23. Qf3 Qc7 24. Qd3 Rfd8 25. c4 exf4 26. gxf4 d5 27. exd5 bxc4 28. Nxc4 Qxf4+ 29. Kb1 Bf6 30. Rhf1 Qh2 31. Rd2 Qxh4 32. d6 Qh5 33. Rg2 Rxc4 34. Qxc4 Qe5 35. Rxf6 Qxf6 36. Rd2 Qf5+ 37. Qd3 Qxd3+ 38. Rxd3 f6 39. b4 Kf7 40.
Rxa3 Rxd6 41. Ra7+ Kf8 42. a4 g5 43. b5 g4 44. Rc7 g3 45. Rc2 f5 46. Rc5 f4 47.
Rf5+ Ke7 48. Rxf4 Rg6 49. Rf1 Kd6 50. Kc2 Kc5 51. Kb3 Kb6 52. Rg1 g2 53. Kb4 Rg4+ 54.
Kb3 Ka5 55. Kc3 Kxa4 56. b6 Rg7 57. Ra1+ Kb5 58. Rb1+ Kc6 59. Rg1 Kxb6 60. Kd3 Kc6 61. Ke3 Kd5 62. Kf3 Ke5 63. Kf2 Rf7+ 64. Kxg2 Rg7+ 65.
Kh2 Rxg1 66. Kxg1 1/2-1/2

[Event "Late-Titled-Tuesday-Blitz-August-29-2023"]
[Site "Chess.com"]
[Date "2023.08.29"]
[Round "3"]
[White "slidingknight2775"]
[Black "ShiroglanTalibov"]
[Result "0-1"]
[WhiteElo "2548"]
[BlackElo "2836"]
[TimeControl "180+1"]
[EndTime "14:29:06 PDT"]
[Termination "ShiroglanTalibov won by resignation"]

1. d4 d5 2. Nf3 Nd7 3. c4 dxc4 4. e3 Nb6 5. Nbd2 Be6 6. Qc2 Nf6 7. Nxc4 Bxc4 8. Bxc4 e6 9. O-O Nxc4 10. Qxc4 c6 11. Bd2 Qd5 12. Rfc1 Bd6 13. b4 Ne4 14. Be1 f6 15. a4 Qxc4 16. Rxc4 Kd7 17. Kf1 Rhc8 18. Ke2 f5 19. Rac1 a6 20. Ne5+ Ke7 21. f3 Nf6 22. b5 axb5 23. axb5 Nd7 24. bxc6 Bxe5 25. cxd7 Rxc4 26.
Rxc4 Bd6 27. Bb4 Ra2+ 28. Kd3 Kxd7 29. Bxd6 Kxd6 30. Rb4 Kc6 31. Rc4+ Kd7 32. Rb4 Kc8 33. Rc4+ Kb8 34. g4 fxg4 35. fxg4 Rxh2 36. Ke4 Rg2 37. Ke5 Rxg4 38. Kxe6 Re4+ 39. Kf7 Rxe3 40. Kxg7 h5 41. d5 Rd3 42. Rc5 b6 43. Rc6 Kb7 44. Rd6 Kc7 45. Rc6+ Kb7 46. Rd6 b5 47. Kg6 h4 48.
Kg5 h3 49. Kg4 h2 50. Rh6 Rxd5 51. Rxh2 Re5 52. Kf4 Re8 53. Rh6 b4 54. Kf5 Re2 55. Kf4 b3 56. Rh3 b2 57. Rb3+ Ka6 58. Kf3 Rh2 59.
Ke4 Ka5 60. Kd4 Ka4 61. Rb8 Ka3 62. Kc3 Rh3+ 63. Kc2 Rh2+ 64. Kc3 Ka2 65. Ra8+ Kb1 66. Rb8 Kc1 67. Rg8 Rh3+ 0-1

[Event "Late-Titled-Tuesday-Blitz-August-29-2023"]
[Site "Chess.com"]
[Date "2023.08.29"]
[Round "3"]
[White "mishanick"]
[Black "Alexander_Moskalenko"]
[Result "1-0"]
[WhiteElo "3141"]
[BlackElo "2827"]
[TimeControl "180+1"]
[EndTime "14:29:07 PDT"]
[Termination "mishanick won by resignation"]

1. d4 Nf6 2. c4 e6 3. Nc3 Bb4 4. e3 O-O 5. Bd3 c5 6. Nf3 Bxc3+ 7. bxc3 d6 8. O-O Nc6 9. Nd2 e5 10. d5 Ne7 11. Qc2 Re8 12. h3 Ng6 13. f4 exf4 14.
exf4 Bd7 15. Nf3 Nh5 16. Ng5 Ng3 17. Rf3 Nh5 18. Bd2 Qa5 19. Raf1 b5 20. cxb5 c4 21.
Bxc4 Bxb5 22. Bxb5 Qxb5 23. c4 Rac8 24. Rc1 Qb6+ 25. Kh2 Re2 26. Qd3 Rce8 27. Rd1 h6 28.
Ne6 Rxd2 29. Rxd2 Nf6 30. Nd4 Re1 31. Re2 Ra1 32. Rff2 Qa5 33. Qd2 Qa3 34. Qe3 Qa4 35. Nf3 Qxc4 36. Qd4 Qxd4 37. Nxd4 Nxd5 38. g3 Nge7 39. Nb5 a6 40. Nxd6 Nc6 41. Rd2 Ne3 42.
Rde2 Nf1+ 43. Kg2 Nd4 44. Re8+ Kh7 45. Rxf1 Rxa2+ 46. Rf2 Ra4 47. Nxf7 Nf5 48. Rh8+ Kg6 49. Ne5+ Kf6 50. Rf8+ Ke6 51. Re2 Nd4 52. Rf2 Ra3 53.
Re8+ Kf6 54. g4 g6 55. Rf8+ Ke6 56. Rg8 g5 57. Rg6+ Kd5 58. Nf3 Ne6 59. Rxe6 Kxe6 60. fxg5 hxg5 61. Nxg5+ Ke5 62. h4 Kd4 63. h5 Ra5 64.
Nf7 Ke4 65. h6 Ra3 66. h7 1-0

[Event "Late-Titled-Tuesday-Blitz-August-29-2023"]
[Site "Chess.com"]
[Date "2023.08.29"]
[Round "3"]
[White "zeitnot2006"]
[Black "Duhless"]
[Result "0-1"]
[WhiteElo "2747"]
[BlackElo "3029"]
[TimeControl "180+1"]
[EndTime "14:29:07 PDT"]
[Termination "Duhless won on time"]

1. e4 c6 2. d3 d5 3. Nd2 e5 4.
Ngf3 Bd6 5. g3 Nf6 6. Bg2 O-O 7.
O-O Re8 8. Qe2 Nbd7 9. c3 a6 10. a4 a5 11. Rd1 Qc7 12. Nf1 Bf8 13. Qc2 dxe4 14. dxe4 b5 15. axb5 cxb5 16. Ne3 Bb7 17. Nd5 Nxd5 18. exd5 Nf6 19. Qb3 Bc5 20. Qxb5 Ng4 21.
Be3 Bxe3 22. fxe3 Nxe3 23. d6 Qb8 24. d7 Rd8 25. Nxe5 Bxg2 26. Qxb8 Raxb8 27. Rd3 Nc2 28. Kxg2 Rxb2 29. Kh3 Nxa1 30. Nc6 Rxd7 31. Rxd7 h5 32. Nxa5 g5 33. Nc4 g4+ 34. Kh4 Rxh2+ 35. Kg5 Nb3 36. Nd6 Nc5 37. Rd8+ Kg7 38. Ne8+ Kf8 39. Nf6+ Ke7 40.
Re8+ Kd6 41. Nxh5 Ne6+ 42. Kxg4 f5+ 43. Kxf5 Rxh5+ 44. Kg4 Rc5 45. Ra8 Rc4+ 46. Kh3 Rxc3 47. Ra6+ Ke5 48. Ra5+ Ke4 49. Kg4 Rc8 50. Ra4+ Nd4 51.
Ra7 Rg8+ 52. Kh3 Nf5 53. g4 Kf3 54. Kh2 Rxg4 55. Ra3+ Ne3 56. Ra8 Rg5 57. Re8 Kf2 58.
Rf8+ Nf5 59. Rh8 Rg2+ 60. Kh3 Rg3+ 61. Kh2 Nd4 0-1

[Event "Late-Titled-Tuesday-Blitz-August-29-2023"]
[Site "Chess.com"]
[Date "2023.08.29"]
[Round "3"]
[White "ArmanGhevondyanchess"]
[Black "Mindhunter08"]
[Result "1/2-1/2"]
[WhiteElo "2219"]
[BlackElo "2449"]
[TimeControl "180+1"]
[EndTime "14:29:07 PDT"]
[Termination "Game drawn by repetition"]

1. Nf3 d5 2. g3 g6 3. Bg2 Bg7 4. d4 c6 5. Nc3 Nf6 6. Bf4 O-O 7.
h4 Nbd7 8. Ne5 Nh5 9. Nxd7 Bxd7 10. Be3 e5 11. Bf3 Re8 12. Bxh5 gxh5 13. Qd2 b5 14.
a3 a5 15. O-O Qf6 16. Bg5 Qg6 17. dxe5 Bxe5 18. Bf4 Bg7 19. Rfe1 Bf5 20. Rac1 Rad8 21. Bc7 Rd7 22. Bxa5 d4 23. Na2 Bh6 24. Qb4 Bxc1 25. Nxc1 Bxc2 26. Qd2 Bf5 27. Bb6 Qf6 28. Nb3 d3 29.
Nc5 Rd5 30. e4 Rde5 31. f4 R5e7 32. e5 Qg6 33. Re3 Rb8 34. Ba5 h6 35. Bc3 Kh7 36. Qf2 Rg8 37. Kh2 Qg4 38. Nxd3 Qd1 39. Ne1 Rd7 40.
Re2 Qb1 41. Nf3 Rd1 42. Ne1 Rgd8 43. e6 fxe6 44. Qe3 R8d5 45. Qa7+ Rd7 46. Qe3 Kg6 47. Qe5 Rf7 48. Bd4 Qc1 49. Qe3 Qxe3 50. Bxe3 Rb1 51.
Bd4 Rd7 52. Bc3 Rdd1 53. Nf3 Bg4 54. Ne5+ Kf5 55. Nxg4 Kxg4 56. Kg2 Rg1+ 57. Kf2 Rbf1+ 58. Ke3 Rxg3+ 59. Ke4 Rxf4+ 60. Ke5 Rf5+ 61. Kxe6 Rgf3 62. Be5 Kxh4 63. Rh2+ Kg4 64. Rg2+ Kh3 65. Rh2+ Kg4 66. Rg2+ Kh4 67. Rh2+ Kg5 68. Rg2+ Kh4 69. Rh2+ 1/2-1/2

[Event "Late-Titled-Tuesday-Blitz-August-29-2023"]
[Site "Chess.com"]
[Date "2023.08.29"]
[Round "3"]
[White "CheckThis4"]
[Black "Sinquefield"]
[Result "1-0"]
[WhiteElo "2636"]
[BlackElo "2440"]
[TimeControl "180+1"]
[EndTime "14:29:15 PDT"]
[Termination "CheckThis4 won on time"]

1. e4 e6 2. d4 d5 3. Nd2 Nf6 4. e5 Nfd7 5. Ngf3 c5 6. c3 Nc6 7. Bd3 cxd4 8. cxd4 Qb6 9. O-O Nxd4 10. Nxd4 Qxd4 11.
Nf3 Qb6 12. Qa4 Qb4 13. Qc2 Nc5 14. Bd2 Qa4 15. b3 Qd7 16. Be2 b6 17. Nd4 Ba6 18.
Bxa6 Nxa6 19. Be3 Be7 20. a3 Nc5 21. b4 Ne4 22. f3 Rc8 23. Qd3 Nc3 24. Rfc1 Na4 25.
Rxc8+ Qxc8 26. Rc1 Qd7 27. Qa6 O-O 28. Rc2 f6 29. Nb5 fxe5 30. Rc7 Qe8 31. Qxa4 d4 32. Qxa7 Bf6 33. Nd6 Qd8 34. Rd7 Qb8 35. Qxb8 Rxb8 36.
Bd2 h6 37. Ne4 Bd8 38. Kf1 Ra8 39.
Bc1 Kf8 40. Ke2 Ke8 41. Rxg7 Rc8 42. Bxh6 Rc2+ 43. Bd2 Ra2 44. Rg8+ Ke7 45. Rg7+ Ke8 46. Nd6+ Kf8 47. Rf7+ Kg8 48. Rd7 Bg5 49. Ne4 Bf4 50. g3 Bh6 51. h4 Bxd2 52. Nxd2 Rxa3 53. Ne4 Re3+ 54. Kf2 Rb3 55. h5 Rxb4 56. h6 Rb2+ 57. Ke1 Rb1+ 58. Ke2 Rh1 59. Nf6+ Kf8 60. h7 b5 61.
Rd8+ Ke7 62. h8=Q Rxh8 63. Rxh8 Kxf6 64. Kd3 Kf5 65. Rf8+ Kg6 66. Ke4 Kg7 67. Rb8 Kf6 68. Rxb5 d3 69. Kxd3 Kf5 70. Ke3 Kf6 71. Ke4 Kg5 72.
Rxe5+ Kf6 73. Rb5 1-0